 Dungeon Crawl Stone Soup version 0.23-a0-644-gb60d84b (webtiles) character file.

678613 flopdemafkees the Slayer (level 27, -7/175 HPs)
             Began as a Gargoyle Warper on Dec 15, 2018.
             Was a High Priest of Okawaru.
             Killed from afar by an electric golem (13 damage)
             ... with a bolt of lightning
             ... on level 5 of the Realm of Zot on Jan 1, 2019.
             The game lasted 05:46:48 (90213 turns).

flopdemafkees the Slayer (Gargoyle Warper)         Turns: 90213, Time: 05:46:49

Health: -7/175     AC: 70    Str: 24      XL:     27
Magic:  0/26       EV: 11    Int: 19 (21) God:    Okawaru [*****.]
Gold:   3277       SH:  0    Dex: 14      Spells: 17/42 levels left

rFire    + + +     SeeInvis .   b - +6 arbalest "Damnation" {damnation}
rCold    + + .     Gourm    .   (shield currently unavailable)
rNeg     + . .     Faith    .   s - +8 gold dragon scales
rPois    ∞         Spirit   .   D - +1 hat "Ramoedgh" {Str+3}
rElec    +         Reflect  .   Y - scarf {rC+ rF+}
rCorr    .         Harm     .   v - +2 pair of gloves {Dex+3}
MR       ++++.     Rnd*Rage +   l - +1 pair of boots
Stlth    ..........             q - amulet of Ibrylet {+Rage +Inv rF+ MR+ MP-9}
HPRegen  0.39/turn              A - ring of Robustness {AC+8}
MPRegen  0.20/turn              o - ring of protection from magic

@: about to teleport, hasted, drained, very quick
A: antennae 1, big wings, thin skeletal structure 1, berserk 1, blink, fire
resistance 1, frail 1, negative energy resistance 1, sense surroundings 1,
electricity resistance, unbreathing, petrification resistance, rot immunity,
subdued magic 1, AC +20
}: 4/15 runes: decaying, serpentine, slimy, silver
a: Fly, Blink, Heroism, Finesse, Renounce Religion, Evoke Berserk Rage, Evoke
Invisibility


You were on level 5 of the Realm of Zot.
You worshipped Okawaru.
Okawaru was extremely pleased with you.
You were hungry.

You visited 11 branches of the dungeon, and saw 55 of its levels.
You visited the Abyss 1 time.
You also visited: Sewer, Ice Cave, Volcano and Wizlab.

You collected 8669 gold pieces.
You spent 5392 gold pieces at shops.

Inventory:

Hand Weapons
 a - a +9 great mace of holy wrath
 b - the +6 arbalest "Damnation" (weapon) {damnation}
   (You found it on level 2 of the Vaults)
Missiles
 E - 4 throwing nets
 Q - 1849 bolts (quivered)
Armour
 j - the +8 orange crystal plate armour {Archmagi, Int+3 Clar}
   (You took it off an orc knight on level 2 of the Vaults)

   It affects your intelligence (+3).
   It protects you against confusion.
 l - a +1 pair of boots (worn)
 s - +8 gold dragon scales (worn)
 v - a +2 pair of gloves of dexterity (worn)
 D - the +1 hat "Ramoedgh" (worn) {Str+3}
   (You found it on level 5 of the Depths)

   It affects your strength (+3).
 P - the +1 helmet "Cucet" {MR+++ SInv}
   (You found it on level 4 of the Vaults)

   It affects your resistance to hostile enchantments.
   It lets you see invisible.
 Y - a scarf of resistance (worn)
Jewellery
 o - a ring of protection from magic (right hand)
 q - the amulet of Ibrylet (around neck) {+Rage +Inv rF+ MR+ MP-9}
   (You bought it in a shop on level 1 of the Snake Pit)

   [amulet of rage]

   It protects you from fire.
   It affects your resistance to hostile enchantments.
   It affects your magic capacity (-9).
   It lets you turn invisible.
   It lets you go berserk.
 A - the ring of Robustness (left hand) {AC+8}
   (You found it on level 1 of the Depths)

   [ring of protection]

   It affects your AC (+8).
 G - an uncursed ring of wizardry
 H - the ring of Caef {rElec rPois rC+}
   (You found it on level 4 of the Vaults)

   [ring of poison resistance]

   It protects you from cold.
   It insulates you from electricity.
   It protects you from poison.
 J - an uncursed ring of positive energy
 L - an uncursed ring of resist corrosion
Wands
 m - a wand of flame (47)
 x - a wand of disintegration (58)
 y - a wand of clouds (4)
 I - a wand of digging (14)
 N - a wand of acid (26)
 X - a wand of iceblast (41)
Scrolls
 d - a scroll of blinking
 g - 22 scrolls of remove curse
 i - 2 scrolls of enchant weapon
 n - 4 scrolls of fear
 p - a scroll of holy word
 t - 5 scrolls of teleportation
 B - 2 scrolls of silence
 F - a scroll of magic mapping
 K - 4 scrolls of fog
 O - 4 scrolls of summoning
 T - 9 scrolls of amnesia
 Z - 21 scrolls of identify
Potions
 c - 10 potions of lignification
 e - 5 potions of cancellation
 h - 20 potions of brilliance
 k - 24 potions of curing
 r - 9 potions of magic
 w - a potion of heal wounds
 z - 5 potions of agility
 M - 3 potions of resistance
 R - 7 potions of haste
 S - 13 potions of berserk rage
 W - 3 potions of might
Miscellaneous
 u - a fan of gales
 C - 2 phantom mirrors
Comestibles
 f - 48 rations


   Skills:
 + Level 25.8(25.3) Fighting
 - Level 20.0(19.5) Maces & Flails
 - Level 18.0(17.5) Crossbows
 - Level 0.8(0.5) Throwing
 - Level 25.7(25.2) Armour
 - Level 10.0(9.6) Dodging
   Level 15.6(15.2) Shields
 - Level 8.0(7.6) Spellcasting
 - Level 4.0(3.7) Hexes
 - Level 4.1(3.8) Charms
 - Level 4.0(3.7) Summonings
 - Level 4.0(3.6) Translocations
 - Level 6.4(6.1) Air Magic
 - Level 7.0(6.6) Invocations
 - Level 10.0(9.6) Evocations


You had 17 spell levels left.
You knew the following spells:

 Your Spells              Type           Power        Failure   Level  Hunger
a - Blink                 Tloc           N/A          24%         2    None
b - Shroud of Golubria    Chrm/Tloc      ###.......   24%         2    None
c - Apportation           Tloc           ###...       16%         1    None
d - Summon Lightning Spi  Summ/Air       ###.....     71%         4    ###....
e - Silence               Hex/Air        ###.......   96%         5    #####..
f - Deflect Missiles      Chrm/Air       ###.......   100%        6    ######.
g - Summon Mana Viper     Hex/Summ       ###.....     99%         5    #####..

Your spell library contained the following spells:

 Spells                   Type           Power        Failure   Level  Hunger
 Swiftness                Chrm/Air       ###.....     14%         2    None
 Confusing Touch          Hex            ###...       16%         1    None
 Corona                   Hex            ###....      16%         1    None
 Summon Butterflies       Summ           ###.....     16%         1    None
 Summon Small Mammal      Summ           ###.         16%         1    None
 Shock                    Conj/Air       ##..         22%         1    None
 Call Imp                 Summ           ###.....     24%         2    None
 Slow                     Hex            ###.....     24%         2    None
 Song of Slaying          Chrm           ###.....     24%         2    None
 Call Canine Familiar     Summ           ###.....     45%         3    #......
 Confuse                  Hex            ###.....     45%         3    #......
 Gell's Gravitas          Tloc           ###.......   45%         3    #......
 Lesser Beckoning         Tloc           ###.......   45%         3    #......
 Portal Projectile        Hex/Tloc       ###...       45%         3    #......
 Recall                   Summ/Tloc      N/A          45%         3    #......
 Summon Guardian Golem    Hex/Summ       ###.....     45%         3    #......
 Teleport Other           Tloc           ###.....     45%         3    #......
 Tukima's Dance           Hex            ###.....     45%         3    #......
 Ensorcelled Hibernation  Hex/Ice        ##....       47%         2    None
 Airstrike                Air            ###.......   52%         4    ###....
 Static Discharge         Conj/Air       ##......     54%         3    #......
 Animate Skeleton         Necr           N/A          61%         1    None
 Beastly Appendage        Tmut           #.....       61%         1    None
 Flame Tongue             Conj/Fire      #....        61%         1    None
 Magic Dart               Conj           #...         61%         1    None
 Pain                     Necr           #...         61%         1    None
 Sandblast                Erth           #.....       61%         1    None
 Mephitic Cloud           Conj/Pois/Air  ##......     71%         3    #......
 Dazzling Spray           Conj/Hex       ##....       73%         3    #......
 Inner Flame              Hex/Fire       ##......     73%         3    #......
 Regeneration             Chrm/Necr      ##........   73%         3    #......
 Corpse Rot               Necr           N/A          77%         2    None
 Passwall                 Tmut/Erth      #.......     77%         2    None
 Searing Ray              Conj           #.....       77%         2    None
 Sticks to Snakes         Tmut           #.......     77%         2    None
 Cause Fear               Hex            ###.......   86%         4    ###....
 Passage of Golubria      Tloc           N/A          86%         4    ###....
 Conjure Flame            Conj/Fire      #.......     94%         3    #......
 Ignite Poison            Fire/Tmut/Pois #.......     94%         3    #......
 Spider Form              Tmut/Pois      #.........   94%         3    #......
 Stone Arrow              Conj/Erth      #.....       94%         3    #......
 Vampiric Draining        Necr           #.........   94%         3    #......
 Force Lance              Conj/Tloc      ##......     98%         4    ###....
 Fulminant Prism          Conj/Hex       ##........   98%         4    ###....
 Leda's Liquefaction      Hex/Erth       ##........   98%         4    ###....
 Summon Ice Beast         Ice/Summ       ##......     98%         4    ###....
 Aura of Abjuration       Summ           ###.......   99%         5    #####..
 Summon Demon             Summ           ###.......   99%         5    #####..
 Summon Forest            Summ/Tloc      ###.......   99%         5    #####..
 Animate Dead             Necr           N/A          100%        4    ###....
 Ice Form                 Ice/Tmut       #.......     100%        4    ###....
 Iskenderun's Mystic Bla  Conj           #.......     100%        4    ###....
 Petrify                  Tmut/Erth      #.......     100%        4    ###....
 Throw Icicle             Conj/Ice       #.......     100%        4    ###....
 Alistair's Intoxication  Tmut/Pois      #.......     100%        5    #####..
 Blade Hands              Tmut           #.........   100%        5    #####..
 Bolt of Draining         Conj/Necr      #.........   100%        5    #####..
 Bolt of Magma            Conj/Fire/Erth #.........   100%        5    #####..
 Borgnjor's Vile Clutch   Necr/Erth      #.........   100%        5    #####..
 Dispel Undead            Necr           #.......     100%        5    #####..
 Fireball                 Conj/Fire      #.........   100%        5    #####..
 Irradiate                Conj/Tmut      #.........   100%        5    #####..
 Iskenderun's Battlesphe  Conj/Chrm      ##......     100%        5    #####..
 Lee's Rapid Deconstruct  Erth           #.........   100%        5    #####..
 Lightning Bolt           Conj/Air       ##........   100%        5    #####..
 Metabolic Englaciation   Hex/Ice        ##........   100%        5    #####..
 Venom Bolt               Conj/Pois      #.........   100%        5    #####..
 Yara's Violent Unravell  Hex/Tmut       ##........   100%        5    #####..
 Bolt of Cold             Conj/Ice       #.........   100%        6    ######.
 Bolt of Fire             Conj/Fire      #.........   100%        6    ######.
 Conjure Ball Lightning   Conj/Air       ##........   100%        6    ######.
 Darkness                 Hex            ###.......   100%        6    ######.
 Death Channel            Necr           #.........   100%        6    ######.
 Dispersal                Tloc           ###.......   100%        6    ######.
 Freezing Cloud           Conj/Ice/Air   ##........   100%        6    ######.
 Invisibility             Hex            ###.....     100%        6    ######.
 Iron Shot                Conj/Erth      #.........   100%        6    ######.
 Ozocubu's Refrigeration  Ice            #.........   100%        6    ######.
 Poison Arrow             Conj/Pois      #.........   100%        6    ######.
 Shadow Creatures         Summ           N/A          100%        6    ######.
 Simulacrum               Ice/Necr       #.........   100%        6    ######.
 Haunt                    Necr/Summ      ##........   100%        7    #######
 Malign Gateway           Summ/Tloc      ###.......   100%        7    #######
 Monstrous Menagerie      Summ           ###.......   100%        7    #######
 Orb of Destruction       Conj           #.........   100%        7    #######
 Spellforged Servitor     Conj/Summ      ##........   100%        7    #######
 Summon Greater Demon     Summ           ###.......   100%        7    #######
 Summon Hydra             Summ           ###.......   100%        7    #######
 Borgnjor's Revivificati  Necr           #.........   100%        8    #######
 Chain Lightning          Conj/Air       ##........   100%        8    #######
 Controlled Blink         Tloc           N/A          100%        8    #######
 Death's Door             Chrm/Necr      ##........   100%        8    #######
 Discord                  Hex            ###.......   100%        8    #######
 Disjunction              Tloc           ###.......   100%        8    #######
 Ignition                 Fire           #.........   100%        8    #######
 Infestation              Necr           #.........   100%        8    #######
 Lehudib's Crystal Spear  Conj/Erth      #.........   100%        8    #######
 Necromutation            Tmut/Necr      #.........   100%        8    #######
 Summon Horrible Things   Summ           ###.......   100%        8    #######
 Fire Storm               Conj/Fire      #.........   100%        9    #######
 Glaciate                 Conj/Ice       #.........   100%        9    #######
 Tornado                  Air            ###.......   100%        9    #######
 Sublimation of Blood     Necr           Unusable     N/A         2    N/A
 Statue Form              Tmut/Erth      Unusable     N/A         6    N/A

Dungeon Overview and Level Annotations

Branches:
Dungeon (15/15)            Temple (1/1) D:7            Lair (6/6) D:9
  Swamp (4/4) Lair:2        Snake (4/4) Lair:4        Slime (5/5) Lair:5
    Orc (2/2) D:10            Elf (3/3) Orc:2        Vaults (5/5) D:14
  Crypt (0/3) Vaults:2     Depths (5/5) D:15            Zot (5/5) Depths:5

Altars:
Ashenzari
Cheibriados
Dithmenos
Elyvilon
Fedhas
Gozag
Hepliaklqana
Kikubaaqudgha
Makhleb
Nemelex Xobeh
Okawaru
Qazlal
Ru
Sif Muna
Trog
Uskayaw
Vehumet
Wu Jian
Xom
Yredelemnul
Zin
The Shining One
Beogh
Jiyva

Shops:
D:8 [   D:11 }   D:13 [   Orc:2 [*(=   Elf:1 *   Snake:1 !}=   Snake:2 *!%
Snake:4 ?   Vaults:1 =   Depths:3 }}=   Depths:4 (

Portals:
Hell: Depths:1 Depths:2 Depths:3 Depths:4 Depths:5
Abyss: Depths:3 Depths:4
Pandemonium: Depths:2 Depths:3
Ziggurat: Depths:5
Trove: Vaults:3 (give 17 scrolls of teleportation)

Annotations:
D:15 3 runed doors, exclusion: obsidian statue
Lair:2 3 runed doors, Ratty's ghost, novice DsNe


Innate Abilities, Weirdness & Mutations

You are resistant to torment.
Your stone body is resilient. (AC +20)
You are immune to poison.
Your large and strong wings let you fly indefinitely.
You resist negative energy. (rN+)
You are resistant to electric shocks. (rElec)
You can survive without breathing.
You are immune to petrification.
You are immune to rotting.
You have a pair of small antennae on your head.
You have a somewhat thin skeletal structure. (Dex +2, Stealth)
You tend to lose your temper in combat.
You can translocate small distances at will.
Your flesh is heat resistant. (rF+)
You are frail. (-10% HP)
You passively map a small area around you.
Your spells are a little easier to cast, but a little less powerful.


Message History

You feel dopey.
Something stings you but does no damage.
The electric golem hits you but does no damage.
The electric golem misses you.
The electric golem hits you but does no damage. x2
The Orb Guardian hits you but does no damage.
As you read the scroll of teleportation, it crumbles to dust.
You feel strangely unstable.
You feel the Orb delaying your translocation!
The electric golem hits you but does no damage. x4
Something hits you but does no damage. Something hits you.
* * * LOW HITPOINT WARNING * * *
You feel dopey.
Something stings you but does no damage.
The Orb Guardian hits you but does no damage.
A poisoned needle hits the Killer Klown, but does no damage!
You feel you are being watched by something.
The electric golem hurls lightning at you.
The bolt of lightning hits you! You resist.
You die...

##..............## #.
##^...............## *#
*#.....^...^.^......#* #
*......^........^....* #
*...^.....^^........^#
*.^..............^...# #
*........p8..........# #
*.....^...X{(^...^...# ##
*....^..@.^..........###.
*#.^...........^^...###..
##........^.^.....##....
##........).....[^^..##
▓▓.....##▓▓#▓▓▓▓▓▓▓▓#
*▓........^..^.,,****
*▓......).D.....,,,,,***
**.....^...^..^..,,,,,,,*
*,..^....L.......,,,,,,,,


You could see a Killer Klown, an electric golem and an Orb Guardian.

Vanquished Creatures
  the Royal Jelly (Slime:5)
  3 orbs of fire (Zot:5)
  4 ancient liches
  The ghost of George the Hoplite, a legendary MiFi of Okawaru (Zot:5)
  Frederick (Depths:3)
  A curse toe (Zot:5)
  Vashnia (Snake:2)
  10 golden dragons
  Nikola (Depths:3)
  Jory (Depths:4)
  An electric golem (Zot:1)
  15 tentacled monstrosities
  8 liches
  Rupert (Lair:5)
  The ghost of Moutitz the Tortoise, an adept MiFi of the Shining One (Vaults:4)
  6 titans
  10 Orb Guardians (Zot:5)
  A deep elf master archer (Elf:3)
  An Executioner (Abyss:5)
  3 deep elf blademasters
  2 ancient champions (WizLab)
  3 quicksilver dragons
  7 death cobs
  Frances (D:13)
  20 acid blobs
  4 sphinxes
  The ghost of galech the Severer, an adept DsFi of Okawaru (Elf:3)
  2 tentacled starspawn (Abyss:5)
  8 storm dragons
  4 thorn hunters
  16 nagarajas
  6 shadow dragons
  7 tengu reavers
  4 azure jellies
  Roxanne (Swamp:4)
  8 draconian monks
  4 deep elf sorcerers
  12 vault wardens
  2 orc warlords
  6 draconian knights
  7 frost giants
  8 draconian scorchers
  A ghost moth (Zot:4)
  Louise (Snake:2)
  5 fire giants
  5 draconian shifters
  A curse skull (Vaults:2)
  2 iron dragons
  A cacodemon (Depths:2)
  A ghoul (Vaults:2)
  8 deep elf elementalists
  4 draconian stormcallers
  A war gargoyle (Vaults:5)
  16 ironheart preservers
  4 draconian annihilators
  15 stone giants
  Nessos (D:15)
  7 vampire knights
  7 green draconians
  33 very ugly things
  A spriggan defender (Depths:4)
  An entropy weaver (Vaults:3)
  4 deep elf demonologists (Elf:3)
  11 purple draconians
  6 white draconians
  10 deep elf annihilators
  6 red draconians
  5 spark wasps
  11 black draconians
  6 yellow draconians
  13 deep elf death magi
  27 ettins
  An ettin (shapeshifter) (Vaults:3)
  3 deep elf high priests (Elf:3)
  A merfolk javelineer (Depths:2)
  The ghost of RexLacerta the Slinger, a journeyman HaHu of Okawaru (D:12)
  7 death oozes
  8 statues (Depths:3)
  2 jiangshi
  A ragged hierophant (Vaults:1)
  29 ogre magi
  11 fire dragons
  The ghost of Philosophy the Severer, a journeyman HOMo (D:9)
  19 yaktaur captains
  30 hydras
  12 great orbs of eyes
  31 vault guards
  Fannar (Orc:1)
  Erolcha (Orc:1)
  4 spriggan air magi
  8 ice dragons
  Harold (D:7)
  24 naga warriors
  8 rakshasas
  A ghost crab (Swamp:4)
  4 death knights
  3 shambling mangroves
  A death yak (IceCv)
  6 anacondas
  8 tengu warriors
  25 dancing weapons
  11 alligators
  11 deep troll shamans
  8 centaur warriors
  60 two-headed ogres
  7 deep troll earth magi
  7 spriggan berserkers
  3 orc high priests
  3 vampire magi
  Urug (D:14)
  16 thrashing horrors (Abyss:5)
  3 shock serpents
  5 soul eaters
  2 sun demons (Depths:4)
  19 naga sharpshooters
  8 hell knights
  21 deep elf knights
  2 shadow wraiths
  18 skeletal warriors
  A sixfirhy (Abyss:5)
  4 unseen horrors
  9 glowing orange brains
  A flayed ghost (Vaults:5)
  12 iron trolls
  A salamander mystic (Snake:3)
  A spriggan druid (Swamp:4)
  33 deep trolls
  12 swamp dragons
  A glowing orange brain (shapeshifter) (Vaults:5)
  13 deep elf archers
  8 phantasmal warriors
  13 ironbrand convokers
  A shadow demon (Depths:4)
  An obsidian statue (Depths:4)
  9 naga ritualists
  A lindwurm (shapeshifter) (Vaults:5)
  A harpy (shapeshifter) (Depths:1)
  5 necromancers
  4 wolf spiders
  The ghost of Lanoc the Slicer, a novice KoCK of Xom (D:8)
  56 deep elf magi
  2 mana vipers
  13 orc knights
  14 wizards
  75 ugly things
  7 orc sorcerers
  A wolf spider zombie (D:15)
  6 salamanders
  6 cyclopes
  18 moths of wrath
  2 moths of wrath (shapeshifter)
  A wolf spider (shapeshifter) (Depths:3)
  An orb spider (shapeshifter) (Depths:1)
  4 shining eyes
  A cyclops (shapeshifter) (Vaults:1)
  14 elephants
  3 manticores
  A water nymph (shapeshifter) (Vaults:4)
  Joseph (D:9)
  20 vault sentinels
  A rust devil (Depths:2)
  4 guardian serpents (Snake:4)
  20 naga magi
  3 eyes of devastation
  2 molten gargoyles (Volcano)
  An ice statue (IceCv)
  30 black mambas
  A smoke demon (Abyss:5)
  4 gargoyles
  13 spiny frogs
  4 orange demons
  10 komodo dragons
  50 yaktaurs
  A tormentor (Depths:3)
  4 ice devils
  6 rime drakes
  7 freezing wraiths
  3 hellwings
  5 red devils
  A tengu conjurer (Depths:3)
  A queen bee (D:8)
  12 trolls
  A silent spectre (Abyss:5)
  13 polar bears
  A meliai (D:13)
  A hornet (shapeshifter) (Vaults:5)
  104 slime creatures
  6 tyrant leeches
  2 tyrant leeches (shapeshifter)
  14 hippogriffs
  2 saltlings (Vaults:1)
  9 bog bodies
  21 hornets
  5 raiju
  5 small abominations
  A harpy skeleton (D:15)
  14 blink frogs
  6 dream sheep (Lair:6)
  A hippogriff (shapeshifter) (Depths:2)
  A centaur simulacrum (D:15)
  Sigmund (D:3)
  2 tarantellas (Vaults:3)
  2 redbacks (Vaults:3)
  4 wraiths
  6 air elementals
  4 vampires (WizLab)
  3 shadows
  A yak (shapeshifter) (Depths:4)
  7 water elementals
  9 spriggans
  17 humans
  78 yaks
  A fire bat (Volcano)
  9 wyverns
  6 basilisks
  A golden eye (shapeshifter) (Vaults:1)
  4 hogs (D:7)
  7 hungry ghosts
  A fire elemental (Elf:1)
  2 golden eyes (Slime:2)
  A chaos spawn (Depths:3)
  A yaktaur simulacrum (Vaults:1)
  A human simulacrum (Vaults:2)
  6 wargs
  A warg (shapeshifter) (Vaults:5)
  Menkaure (D:7)
  34 vampire mosquitoes
  3 insubstantial wisps (Swamp:2)
  44 nagas
  5 two-headed ogre zombies (WizLab)
  A soldier ant (D:14)
  A deep troll zombie (Vaults:1)
  15 swamp worms
  A harpy simulacrum (D:15)
  A soldier ant (shapeshifter) (Vaults:1)
  6 acid dragons
  4 ogre zombies
  A floating eye (shapeshifter) (Vaults:4)
  13 porcupines
  3 hell hounds (D:14)
  18 water moccasins
  12 swamp drakes
  37 orc warriors
  2 hornet zombies
  A human zombie (Vaults:1)
  4 phantoms
  5 sky beasts
  10 eyes of draining
  5 ice beasts
  51 ogres
  A black bear (D:7)
  A necrophage (D:11)
  14 boggarts
  A human skeleton (Vaults:1)
  5 large abominations
  25 wolves
  20 centaurs
  12 crocodiles
  3 elf zombies (Elf:1)
  5 big kobolds
  21 bullfrogs
  3 earth elementals
  A bullfrog (shapeshifter) (Vaults:2)
  A wyvern zombie (D:9)
  A water moccasin zombie (D:11)
  14 killer bees
  5 scorpions
  7 troll zombies (WizLab)
  7 electric eels
  9 howler monkeys
  11 wights
  4 lava snakes (Volcano)
  18 crimson imps
  5 centaur zombies
  3 bullfrog zombies
  A quasit (Depths:2)
  A hound (shapeshifter) (Vaults:5)
  3 jellies
  6 bullfrog skeletons
  4 centaur skeletons
  14 orc priests
  10 hounds
  4 iron imps
  33 orc wizards
  Crazy Yiuf (D:3)
  Jessica (D:3)
  7 iguanas
  Ijyb (D:5)
  7 worker ants
  A bullfrog simulacrum (D:12)
  A howler monkey zombie (D:7)
  A worker ant zombie (D:9)
  12 gnolls
  A howler monkey skeleton (D:4)
  5 river rats
  21 adders
  6 shadow imps
  6 white imps
  An ufetubus (Depths:2)
  An adder skeleton (D:5)
  An adder zombie (D:6)
  7 worms
  3 dart slugs
  7 leopard geckos
  94 orcs
  9 ball pythons
  5 bats
  9 giant cockroaches
  10 goblins
  4 hobgoblins
  8 jackals
  4 quokkas
  5 frilled lizards
  18 kobolds
  A leopard gecko zombie (D:7)
  A quokka skeleton (D:4)
  A quokka zombie (D:5)
  14 rats
  A briar patch (Swamp:4)
  4 fire vortices (Depths:3)
  3 fungi
  2 plants (Lair:6)
  2 starspawn tentacles (Abyss:5)
2655 creatures vanquished.

Vanquished Creatures (collateral kills)
  A naga (Snake:4)
1 creature vanquished.

Vanquished Creatures (others)
  A golden dragon (Zot:5)
  A deep elf master archer (Elf:3)
  A spriggan air mage (Depths:3)
  2 deep elf archers
  A black mamba (Snake:3)
  A vault sentinel (Vaults:5)
  3 yaktaurs
  A rime drake (IceCv)
  2 yaks (IceCv)
  A fire elemental (Elf:3)
  2 black bears (shapeshifter)
  6 wolves (IceCv)
  2 ogres (Vaults:4)
  A centaur (D:15)
  A white imp (Depths:4)
  An orc (D:13)
  6 fungi
  16 plants
  9 starspawn tentacles (Abyss:5)
  10 toadstools (Swamp:1)
68 creatures vanquished.

Grand Total: 2724 creatures vanquished

Notes
Turn   | Place    | Note
-------+----------+-------------------------------------------
     0 | D:1      | flopdemafkees the Gargoyle Warper began the quest for the
                  | Orb.
     0 | D:1      | Reached XP level 1. HP: 12/12 MP: 3/3
   263 | D:1      | Reached XP level 2. HP: 11/18 MP: 5/5
   369 | D:1      | Learned a level 2 spell: Blink
  1075 | D:2      | Reached XP level 3. HP: 22/22 MP: 6/6
  1125 | D:2      | Found a shimmering altar of Xom.
  1503 | D:2      | Reached XP level 4. HP: 28/28 MP: 7/7
  1873 | D:2      | Found a shadowy altar of Dithmenos.
  2292 | D:3      | Noticed Jessica
  2570 | D:3      | Reached XP level 5. HP: 28/32 MP: 8/8
  2673 | D:3      | Killed Jessica
  2744 | D:3      | Noticed an ogre
  2758 | D:3      | Killed an ogre
  2758 | D:3      | Reached skill level 5 in Maces & Flails
  2758 | D:3      | Reached XP level 6. HP: 30/38 MP: 9/9
  2841 | D:3      | Noticed Sigmund
  2852 | D:3      | Killed Sigmund
  3120 | D:3      | Found a runed door.
  3188 | D:3      | Found a bloodstained altar of Trog.
  3199 | D:3      | Reached XP level 7. HP: 41/44 MP: 10/10
  3367 | D:3      | Noticed Crazy Yiuf
  3374 | D:3      | Killed Crazy Yiuf
  3445 | D:4      | Reached skill level 5 in Fighting
  3899 | D:4      | Reached XP level 8. HP: 29/51 MP: 11/11
  3915 | D:4      | Found a glowing drain.
  3922 | Sewer    | Entered a sewer
  4625 | D:4      | Upgraded the game from 0.23-a0-577-g2b1de94 to
                  | 0.23-a0-586-gacb4b3f
  4668 | D:4      | You fall through a shaft for 2 floors!
  4835 | D:5      | Entered Level 5 of the Dungeon
  4924 | D:6      | Reached XP level 9. HP: 57/57 MP: 12/12
  4985 | D:5      | Found a glowing golden altar of the Shining One.
  4986 | D:5      | Found a snail-covered altar of Cheibriados.
  4986 | D:5      | Found a white marble altar of Elyvilon.
  5640 | D:5      | Noticed Ijyb
  5659 | D:5      | Killed Ijyb
  6177 | D:6      | Found a hazy altar of Hepliaklqana.
  6181 | D:6      | Reached skill level 10 in Maces & Flails
  6567 | D:6      | Reached skill level 1 in Shields
  6670 | D:7      | Found a staircase to the Ecumenical Temple.
  6689 | Temple   | Entered the Ecumenical Temple
  6707 | Temple   | Became a worshipper of Warmaster Okawaru
  6826 | D:7      | Found a stormy altar of Qazlal.
  6846 | D:7      | Found a blossoming altar of Fedhas.
  6939 | D:7      | Reached * piety under Okawaru
  6944 | D:7      | Noticed Harold
  6987 | D:7      | Killed Harold
  6987 | D:7      | Reached XP level 10. HP: 48/66 MP: 13/13
  6996 | D:7      | Noticed Menkaure
  7017 | D:7      | Killed Menkaure
  7552 | D:7      | Reached ** piety under Okawaru
  7906 | D:7      | Noticed a two-headed ogre
  7939 | D:7      | Killed a two-headed ogre
  8222 | D:8      | Found Lodept's Armour Shop.
  8361 | D:8      | Noticed Lanoc's ghost (novice KoCK)
  8428 | D:8      | Reached skill level 10 in Fighting
  8655 | D:8      | Found a transporter.
  8655 | D:8      | Found a transporter.
  8798 | D:8      | Found a glowing golden altar of the Shining One.
  8929 | D:8      | Found an ornate altar of the Wu Jian Council.
  9065 | D:9      | Found a staircase to the Lair.
  9072 | D:9      | Reached *** piety under Okawaru
  9094 | D:9      | Reached XP level 11. HP: 69/72 MP: 14/14
  9517 | D:9      | Noticed Joseph
  9533 | D:9      | Paralysed by Joseph for 3 turns
  9554 | D:9      | Killed Joseph
  9712 | D:9      | Found a runed gate.
  9713 | D:9      | Found a runed gate.
  9713 | D:9      | Found a runed gate.
  9719 | D:9      | Noticed Philosophy's ghost (journeyman HOMo)
  9719 | D:9      | Noticed a nine-headed hydra
  9948 | D:9      | Found a deep blue altar of Sif Muna.
  9963 | D:9      | Identified Sif Muna's Papyrus of the Entourage
  9977 | D:9      | Found an ancient bone altar of Kikubaaqudgha.
  9994 | D:9      | Found a radiant altar of Vehumet.
 10347 | D:10     | Entered Level 10 of the Dungeon
 10426 | D:10     | Found a staircase to the Orcish Mines.
 10558 | D:10     | Reached **** piety under Okawaru
 11256 | D:11     | Reached ***** piety under Okawaru
 11410 | D:10     | Reached skill level 5 in Armour
 11630 | D:11     | Noticed a cyan ugly thing
 11644 | D:11     | Killed a cyan ugly thing
 12033 | D:11     | Got a heavily runed ring mail
 12094 | D:11     | Found Peaf Eppuaqo's Gadget Boutique.
 12475 | D:11     | Identified the +3 ring mail "Qavuc" {rPois Stlth+} (You
                  | found it on level 11 of the Dungeon)
 12549 | D:12     | Reached XP level 12. HP: 53/80 MP: 15/15
 12571 | D:12     | Noticed a two-headed ogre
 12587 | D:12     | Received a gift from Okawaru
 12600 | D:12     | Killed a two-headed ogre
 12839 | D:12     | Found a runed door.
 12844 | D:12     | Noticed RexLacerta's ghost (journeyman HaHu)
 12973 | D:12     | Noticed an ettin
 13077 | Lair:1   | Entered Level 1 of the Lair of Beasts
 13393 | Lair:1   | Noticed a seven-headed hydra
 13403 | Lair:1   | Killed a seven-headed hydra
 13498 | Lair:1   | Received a gift from Okawaru
 13499 | Lair:1   | Got a translucent falchion {god gift}
 14062 | Lair:2   | Found a runed gate.
 14174 | Lair:2   | Found a runed gate.
 14174 | Lair:2   | Found a runed gate.
 14175 | Lair:2   | Noticed a death yak
 14176 | Lair:2   | Noticed Ratty's ghost (novice DsNe)
 14177 | Lair:2   | Noticed a minotaur
 14341 | Lair:2   | Reached skill level 1 in Evocations
 14351 | Lair:2   | Reached XP level 13. HP: 84/88 MP: 17/17
 14375 | Lair:2   | Found a staircase to the Swamp.
 14387 | Lair:2   | Received a gift from Okawaru
 14660 | Lair:2   | Reached ****** piety under Okawaru
 14824 | Lair:2   | Identified the amulet "Wiucej" {RegenMP -Tele rPois rF-
                  | Dex+8}
 15017 | Lair:3   | Found a dark tunnel.
 15022 | Volcano  | Entered a volcano
 15261 | Volcano  | Found a bloodstained altar of Trog.
 15261 | Volcano  | Noticed an ogre mage
 15266 | Volcano  | Reached skill level 10 in Armour
 15279 | Volcano  | Killed an ogre mage
 15361 | Volcano  | Received a gift from Okawaru
 15480 | Lair:3   | Found an ornate altar of the Wu Jian Council.
 15498 | Lair:3   | Found a frozen archway.
 15508 | IceCv    | Entered an ice cave
 15562 | IceCv    | Received a gift from Okawaru
 16001 | IceCv    | Noticed a frost giant
 16014 | IceCv    | Reached skill level 5 in Evocations
 16028 | IceCv    | Killed a frost giant
 16423 | Lair:3   | Gained mutation: Your large and strong wings let you fly
                  | indefinitely. [Gargoyle growth]
 16423 | Lair:3   | Reached XP level 14. HP: 73/96 MP: 18/18
 16683 | Lair:3   | Learned a level 2 spell: Shroud of Golubria
 16801 | Lair:3   | Reached skill level 15 in Maces & Flails
 16846 | Lair:3   | Received a gift from Okawaru
 17378 | Lair:4   | Found a staircase to the Snake Pit.
 17453 | Lair:4   | Reached skill level 15 in Fighting
 17488 | Lair:4   | Identified 3 scrolls of acquirement
 17497 | Lair:4   | Got a jet-encrusted chain mail
 17508 | Lair:4   | Identified the +4 chain mail "Isuonli" {rC+ rN+ Str+3} (You
                  | acquired it on level 4 of the Lair of Beasts)
 18819 | Lair:5   | Found a staircase to the Slime Pits.
 18947 | Lair:5   | Noticed Rupert
 18958 | Lair:5   | Paralysed by Rupert for 7 turns
 18967 | Lair:5   | Killed Rupert
 18967 | Lair:5   | Received a gift from Okawaru
 19253 | Lair:6   | Entered Level 6 of the Lair of Beasts
 19471 | Lair:6   | Received a gift from Okawaru
 19731 | Lair:6   | Reached XP level 15. HP: 65/103 MP: 15/22
 20347 | Lair:6   | HP: 5/103 [dire elephant (18)]
 20835 | Orc:1    | Entered Level 1 of the Orcish Mines
 20847 | Orc:1    | Learned a level 1 spell: Apportation
 20862 | Orc:1    | Noticed Fannar
 20873 | Orc:1    | Killed Fannar
 20873 | Orc:1    | Reached skill level 10 in Evocations
 21003 | Orc:1    | Found a roughly hewn altar of Beogh.
 21023 | Orc:1    | Received a gift from Okawaru
 21023 | Orc:1    | Reached skill level 1 in Invocations
 21253 | Orc:2    | Entered Level 2 of the Orcish Mines
 21253 | Orc:2    | Found Jureide's Antique Weapon Shop.
 21581 | Orc:2    | Found a roughly hewn altar of Beogh.
 21601 | Orc:2    | Found Hagifel's General Store.
 21638 | Orc:2    | Paralysed by an orc sorcerer for 2 turns
 21994 | Orc:2    | Noticed an orc warlord
 22198 | Orc:1    | Killed an orc warlord
 22198 | Orc:1    | Reached skill level 5 in Invocations
 22397 | Orc:2    | Found Xuekaf's Antique Armour Emporium.
 22444 | Orc:2    | Found a staircase to the Elven Halls.
 22566 | Orc:2    | Found Firagad's Jewellery Boutique.
 22574 | Orc:2    | Bought a cursed amulet of inaccuracy for 30 gold pieces
 22574 | Orc:2    | Bought a cursed ring of teleportation for 67 gold pieces
 22574 | Orc:2    | Bought a cursed -5 ring of evasion for 30 gold pieces
 22905 | Orc:1    | Noticed Erolcha
 22918 | Orc:1    | Killed Erolcha
 23467 | D:9      | Killed Philosophy's ghost
 23557 | D:8      | Killed Lanoc's ghost
 23597 | D:8      | Identified the Tome of Clay and Summoning
 23690 | D:12     | Received a gift from Okawaru
 23834 | D:12     | Identified the +1 war axe of Casoetes {chop, *Drain rN+++
                  | Str+2 Int+7}
 24165 | D:12     | Got a polished scale mail
 24166 | D:12     | Identified the cursed +0 scale mail of Distant Shores
                  | {+Fly} (You found it on level 12 of the Dungeon)
 24395 | D:12     | Received a gift from Okawaru
 24718 | D:12     | Killed RexLacerta's ghost
 24868 | D:13     | Reached XP level 16. HP: 108/108 MP: 23/23
 25471 | D:13     | Found Monym's Armour Shop.
 25706 | D:14     | Found a gate to the Vaults.
 25706 | D:14     | Noticed Urug
 25706 | D:14     | Noticed Frances
 25827 | D:13     | Killed Frances
 25982 | D:14     | Killed Urug
 26416 | D:14     | Learned a level 4 spell: Summon Lightning Spire
 26496 | D:14     | Reached skill level 5 in Spellcasting
 26527 | D:14     | Received a gift from Okawaru
 27117 | D:15     | Entered Level 15 of the Dungeon
 27117 | D:15     | Noticed Nessos
 27345 | Snake:1  | Entered Level 1 of the Snake Pit
 27419 | Snake:1  | Noticed a nagaraja
 27428 | Snake:1  | Killed a nagaraja
 27459 | Snake:1  | Found Zistruut's Jewellery Shop.
 27464 | Snake:1  | Found Caschot's Gadget Shop.
 27485 | Snake:1  | Found a shimmering altar of Xom.
 27491 | Snake:1  | Bought the amulet of Ibrylet {+Rage +Inv rF+ MR+ MP-9} for
                  | 715 gold pieces
 27619 | Snake:1  | Reached skill level 1 in Charms
 27625 | Snake:1  | Reached skill level 1 in Air Magic
 27728 | Snake:1  | Found Ylata's Distillery.
 27736 | Snake:1  | Bought a potion of ambrosia for 144 gold pieces
 28250 | Snake:2  | Noticed a nagaraja
 28256 | Snake:2  | Found Iqemumoe's Food Emporium.
 28273 | Snake:2  | Killed a nagaraja
 28571 | Snake:2  | Found Nitida's Distillery.
 28573 | Snake:2  | Found Musm's Assorted Antiques.
 28587 | Snake:2  | Bought a bronze wand for 120 gold pieces
 28587 | Snake:2  | Bought a spiked helmet for 285 gold pieces
 28587 | Snake:2  | Identified the +2 helmet of Ockir {Stlth+} (You bought it
                  | in a shop on level 2 of the Snake Pit)
 28615 | Snake:2  | Noticed a nagaraja
 28628 | Snake:2  | Killed a nagaraja
 28628 | Snake:2  | Received a gift from Okawaru
 28628 | Snake:2  | Reached XP level 17. HP: 117/117 MP: 15/26
 28692 | Snake:2  | Noticed Louise
 28717 | Snake:2  | Killed Louise
 28918 | Snake:2  | Noticed Vashnia
 28930 | Snake:2  | Reached skill level 1 in Summonings
 29143 | Snake:2  | Upgraded the game from 0.23-a0-586-gacb4b3f to
                  | 0.23-a0-607-g760965b
 29678 | Swamp:1  | Entered Level 1 of the Swamp
 30016 | Swamp:1  | Learned a level 5 spell: Silence
 30406 | Swamp:1  | Reached skill level 1 in Hexes
 30661 | Swamp:1  | Received a gift from Okawaru
 31371 | Swamp:2  | HP: 3/117 [six-headed hydra (6)]
 32769 | Swamp:3  | Received a gift from Okawaru
 33120 | Swamp:3  | HP: 2/117 [thorn hunter/volley of thorns (43)]
 33554 | Swamp:2  | Learned a level 6 spell: Deflect Missiles
 33560 | Swamp:2  | Learned a level 5 spell: Summon Mana Viper
 34349 | Swamp:4  | Entered Level 4 of the Swamp
 34421 | Swamp:3  | Reached skill level 5 in Shields
 34913 | Swamp:4  | Identified Roxanne's Grimoire of Moulding
 34913 | Swamp:4  | Noticed Roxanne
 35307 | Swamp:3  | Reached skill level 5 in Air Magic
 35486 | Swamp:4  | Reached XP level 18. HP: 124/124 MP: 21/30
 36443 | Swamp:4  | Received a gift from Okawaru
 36791 | Swamp:4  | Got a decaying rune of Zot
 37257 | Swamp:4  | Killed Roxanne
 38246 | Vaults:1 | Entered Level 1 of the Vaults
 38857 | D:8      | Bought +0 gold dragon scales for 880 gold pieces
 39401 | Snake:2  | Killed Vashnia
 40552 | Snake:3  | Received a gift from Okawaru
 41260 | Snake:3  | Found a deep blue altar of Sif Muna.
 41596 | Snake:4  | Entered Level 4 of the Snake Pit
 41746 | Snake:4  | Found Enuenewu's Magic Scroll Emporium.
 41754 | Snake:4  | Bought a scroll of brand weapon for 260 gold pieces
 41754 | Snake:4  | Bought a scroll of blinking for 97 gold pieces
 41754 | Snake:4  | Bought a scroll of enchant weapon for 97 gold pieces
 42254 | Snake:4  | Reached skill level 10 in Shields
 42349 | Snake:4  | Reached XP level 19. HP: 111/131 MP: 20/31
 42739 | Snake:4  | Received a gift from Okawaru
 43112 | Snake:4  | Received a gift from Okawaru
 44109 | Snake:4  | Got a serpentine rune of Zot
 44949 | D:14     | Received a gift from Okawaru
 45253 | D:15     | Killed Nessos
 45420 | D:15     | Found a runed door.
 45450 | D:15     | Found a runed door.
 45682 | D:15     | Found an ornate altar of the Wu Jian Council.
 45702 | D:15     | Got a coiled granite ring
 45740 | D:15     | Found a staircase to the Depths.
 45859 | D:15     | Found a runed door.
 45902 | D:15     | Found a runed door.
 46064 | Depths:1 | Entered Level 1 of the Depths
 46345 | Vaults:1 | Reached XP level 20. HP: 133/139 MP: 20/32
 46457 | Vaults:1 | Found Lifac's Jewellery Boutique.
 46481 | Vaults:1 | Bought a cursed ring of attention for 72 gold pieces
 46481 | Vaults:1 | Bought a cursed -2 ring of intelligence for 32 gold pieces
 46481 | Vaults:1 | Bought a cursed -3 ring of dexterity for 32 gold pieces
 46481 | Vaults:1 | Bought an uncursed ring of protection from magic for 400
                  | gold pieces
 46484 | Vaults:1 | Identified the cursed ring of Butchery {Int+5 Slay-6} (You
                  | found it on level 15 of the Dungeon)
 47536 | Vaults:2 | Received a gift from Okawaru
 48402 | Vaults:2 | Upgraded the game from 0.23-a0-607-g760965b to
                  | 0.23-a0-629-gae4348f
 48405 | Vaults:2 | Found a staircase to the Crypt.
 48577 | Vaults:2 | Reached skill level 15 in Shields
 48579 | Vaults:2 | Received a gift from Okawaru
 48597 | Vaults:2 | Reached skill level 15 in Armour
 49574 | Vaults:2 | Received a gift from Okawaru
 49591 | Vaults:2 | Reached XP level 21. HP: 143/146 MP: 24/33
 49666 | Vaults:2 | Found the +6 arbalest "Damnation" {damnation}
 50799 | Vaults:3 | Received a gift from Okawaru
 51324 | Vaults:3 | Found a portal to a secret trove of treasure.
 52376 | Vaults:4 | Received a gift from Okawaru
 52414 | Vaults:4 | Found a runed gate.
 52414 | Vaults:4 | Noticed an ancient lich
 52434 | Vaults:4 | Got a jewelled helmet {god gift}
 52435 | Vaults:4 | Identified the -2 helmet "Megomedd" {MR+} (Okawaru gifted
                  | it to you on level 4 of the Vaults)
 52736 | Vaults:4 | Found a runed gate.
 52736 | Vaults:4 | Found a runed gate.
 52738 | Vaults:4 | Noticed Moutitz's ghost (adept MiFi)
 52739 | Vaults:4 | Noticed an ancient lich
 52739 | Vaults:4 | Found an ancient bone altar of Kikubaaqudgha.
 52752 | Vaults:4 | Upgraded the game from 0.23-a0-629-gae4348f to
                  | 0.23-a0-635-g88ca12a
 52782 | Vaults:4 | Killed an ancient lich
 52791 | Vaults:4 | Killed an ancient lich
 52867 | Vaults:4 | Killed Moutitz's ghost
 52867 | Vaults:4 | Reached XP level 22. HP: 20/155 MP: 20/34
 53322 | Vaults:4 | Got a spiked helmet
 53333 | Vaults:4 | Identified the +1 helmet "Cucet" {MR+++ SInv} (You found it
                  | on level 4 of the Vaults)
 53340 | Vaults:4 | Got a brightly glowing wooden ring
 53348 | Vaults:4 | Identified the ring of Caef {rElec rPois rC+} (You found it
                  | on level 4 of the Vaults)
 54014 | Vaults:4 | Received a gift from Okawaru
 55365 | Elf:1    | Entered Level 1 of the Elven Halls
 55455 | Elf:1    | Found an ancient bone altar of Kikubaaqudgha.
 55823 | Elf:1    | Found Vego's Assorted Antiques.
 56258 | Elf:1    | Identified the Disquisition on Unholy Magic
 56939 | Elf:2    | Found a runed gate.
 56939 | Elf:2    | Found a runed gate.
 56940 | Elf:2    | Found a runed gate.
 57795 | Elf:3    | Entered Level 3 of the Elven Halls
 57842 | Elf:3    | Received a gift from Okawaru
 57843 | Elf:3    | Got a jewelled ring mail {god gift}
 57994 | Elf:3    | Reached XP level 23. HP: 162/162 MP: 26/35
 58295 | Elf:3    | Found a runed door.
 58304 | Elf:3    | Noticed galech's ghost (adept DsFi)
 58324 | Elf:3    | Killed galech's ghost
 58440 | Elf:3    | Identified the +3 leather armour of Catatonia {Str+5 Int+4}
 58517 | Elf:3    | Identified the cursed +1 scythe of the Dwarven Hall {slice,
                  | rPois rF+ rC+}
 59067 | Elf:3    | Identified the ring "Qeesaul" {+Fly rPois rC+ Int-2}
 59701 | Elf:3    | Identified the Almanac of Warped Heat
 59706 | Elf:3    | Identified the +11 whip of Integrity {drain, rPois rN+}
 59706 | Elf:3    | Identified the cursed +0 troll leather armour "Ublujureu"
                  | {*Contam +Fly Regen+ SInv Stlth+}
 59911 | Elf:3    | Found the amulet of the Air {Inacc +Fly rElec EV+5 RMsl}
 60632 | Slime:1  | Entered Level 1 of the Pits of Slime
 60657 | Slime:1  | Received a gift from Okawaru
 60931 | Slime:1  | Gained mutation: Your body sometimes deteriorates upon
                  | taking damage. [a shining eye]
 60946 | Slime:1  | Gained mutation: You tend to lose your temper in combat. [a
                  | shining eye]
 60992 | Slime:1  | Gained mutation: Armour fits poorly on your strangely
                  | shaped body. [a shining eye]
 61020 | Slime:2  | Gained mutation: You are weak. (Str -2) [a shining eye]
 61232 | Slime:2  | Gained mutation: You are very weak. (Str -4) [a shining
                  | eye]
 61331 | Slime:2  | Found a viscous altar of Jiyva.
 62013 | Slime:3  | Gained mutation: You are frail. (-10% HP) [a shining eye]
 62015 | Slime:3  | Gained mutation: You often lose your temper in combat. [a
                  | shining eye]
 62021 | Slime:3  | Gained mutation: You have an uncontrollable temper. [a
                  | shining eye]
 62160 | Slime:3  | Gained mutation: You occasionally shout uncontrollably at
                  | your foes. [a shining eye]
 62164 | Slime:3  | Gained mutation: Your spells are a little easier to cast,
                  | but a little less powerful. [a shining eye]
 62168 | Slime:3  | Gained mutation: You are very frail. (-20% HP) [a shining
                  | eye]
 62353 | Slime:5  | Entered Level 5 of the Pits of Slime
 62776 | Slime:4  | Received a gift from Okawaru
 62782 | Slime:4  | Got a pair of faintly humming boots {god gift}
 62793 | Slime:4  | Identified the +0 pair of boots of Contentment {+Fly rElec
                  | rN+ Str-3 Dex+2} (Okawaru gifted it to you on level 4 of
                  | the Pits of Slime)
 63069 | Slime:5  | Found the cursed +14 obsidian axe {chop, +Fly SInv *Curse}
 63069 | Slime:5  | Found a viscous altar of Jiyva.
 63070 | Slime:5  | Noticed the Royal Jelly
 63083 | Slime:5  | Killed the Royal Jelly
 63083 | Slime:5  | Reached XP level 24. HP: 91/134 MP: 25/35
 63887 | Slime:5  | Got a warped ruby amulet
 63888 | Slime:5  | Identified the amulet of Moiplum {Acrobat Dex+5} (You
                  | acquired it on level 5 of the Pits of Slime)
 63894 | Slime:5  | Got a slimy rune of Zot
 63923 | Slime:5  | Identified Eguamoer's Compendium of Torrid Talismans
 63954 | Slime:5  | Got a scintillating lapis lazuli ring
 63955 | Slime:5  | Identified the ring "Cosexo" {Ice Dex+6} (You found it on
                  | level 5 of the Pits of Slime)
 64024 | Slime:5  | Got a scorched brass ring
 64025 | Slime:5  | Identified the ring of the Sunfish {Str+3 SInv Stlth+} (You
                  | found it on level 5 of the Pits of Slime)
 64054 | Slime:5  | Lost mutation: You are very frail. (-20% HP) [potion of
                  | mutation]
 64054 | Slime:5  | Lost mutation: You are frail. (-10% HP) [potion of
                  | mutation]
 64054 | Slime:5  | Lost mutation: You are very weak. (Str -4) [potion of
                  | mutation]
 64054 | Slime:5  | Lost mutation: You have an uncontrollable temper. [potion
                  | of mutation]
 64054 | Slime:5  | Lost mutation: You often lose your temper in combat.
                  | [potion of mutation]
 64054 | Slime:5  | Lost mutation: Armour fits poorly on your strangely shaped
                  | body. [potion of mutation]
 64054 | Slime:5  | Gained mutation: You have sharp fingernails. [potion of
                  | mutation]
 64632 | D:11     | Lost mutation: Your spells are a little easier to cast, but
                  | a little less powerful. [potion of mutation]
 64632 | D:11     | Lost mutation: Your body sometimes deteriorates upon taking
                  | damage. [potion of mutation]
 64632 | D:11     | Gained mutation: You sometimes yell uncontrollably at your
                  | foes. [potion of mutation]
 64632 | D:11     | Gained mutation: Your magical capacity is low. (-10% MP)
                  | [potion of mutation]
 64632 | D:11     | Lost mutation: You tend to lose your temper in combat.
                  | [potion of mutation]
 64632 | D:11     | Gained mutation: You are agile. (Dex +2) [potion of
                  | mutation]
 64633 | D:11     | Lost mutation: You are weak. (Str -2) [potion of mutation]
 64633 | D:11     | Lost mutation: You have sharp fingernails. [potion of
                  | mutation]
 64633 | D:11     | Lost mutation: You are agile. (Dex +2) [potion of mutation]
 64633 | D:11     | Gained mutation: You frequently scream uncontrollably at
                  | your foes. [potion of mutation]
 64633 | D:11     | Gained mutation: You are agile. (Dex +2) [potion of
                  | mutation]
 64633 | D:11     | Gained mutation: You passively map a small area around you.
                  | [potion of mutation]
 64634 | D:11     | Lost mutation: Your magical capacity is low. (-10% MP)
                  | [potion of mutation]
 64634 | D:11     | Lost mutation: You are agile. (Dex +2) [potion of mutation]
 64634 | D:11     | Gained mutation: You are weak. (Str -2) [potion of
                  | mutation]
 64634 | D:11     | Gained mutation: You are partially covered in large bone
                  | plates. (SH +4) [potion of mutation]
 64634 | D:11     | Gained mutation: You are surrounded by a mild repulsion
                  | field. (EV +2) [potion of mutation]
 64939 | Vaults:5 | Entered Level 5 of the Vaults
 65694 | Vaults:5 | Received a gift from Okawaru
 65704 | Vaults:5 | Got a crude shield {god gift}
 65705 | Vaults:5 | Identified the +1 shield "Omudean" {Int+3} (Okawaru gifted
                  | it to you on level 5 of the Vaults)
 65747 | Vaults:5 | Identified the +5 short sword "Cookie Cutter" {pierce,
                  | Int+4 Dex+2}
 66645 | D:15     | HP: 7/168 [iron troll (9)]
 67169 | Depths:1 | Reached XP level 25. HP: 140/173 MP: 26/35
 67363 | Depths:1 | Reached skill level 1 in Crossbows
 67381 | Depths:1 | Found the ring of Robustness {AC+8}
 67515 | Depths:1 | Reached skill level 5 in Dodging
 67540 | Depths:1 | Received a gift from Okawaru
 68359 | Orc:2    | Bought a glowing great mace for 332 gold pieces
 68790 | Snake:2  | Bought a scroll of enchant weapon for 225 gold pieces
 68790 | Snake:2  | Bought a potion of mutation for 240 gold pieces
 68790 | Snake:2  | Bought a twisted plate armour for 840 gold pieces
 68790 | Snake:2  | Identified the +10 plate armour of Impermeability {Dex+2}
                  | (You bought it in a shop on level 2 of the Snake Pit)
 69348 | Depths:1 | Found a gateway to Hell.
 69659 | Depths:2 | Found a one-way gate leading to the halls of Pandemonium.
 69675 | Depths:2 | Found a magical portal.
 69691 | WizLab   | Entered Zonguldrok's Shrine
 70133 | WizLab   | Noticed an antique lich
 70143 | WizLab   | Killed an antique lich
 70143 | WizLab   | Reached skill level 5 in Crossbows
 70176 | WizLab   | Found the +9 sword of Zonguldrok {reap}
 70656 | Depths:3 | Received a gift from Okawaru
 70938 | Depths:1 | Lost mutation: You are partially covered in large bone
                  | plates. (SH +4) [potion of mutation]
 70938 | Depths:1 | Lost mutation: You are weak. (Str -2) [potion of mutation]
 70938 | Depths:1 | Gained mutation: You tend to lose your temper in combat.
                  | [potion of mutation]
 70938 | Depths:1 | Gained mutation: You are frail. (-10% HP) [potion of
                  | mutation]
 70938 | Depths:1 | Gained mutation: You have large cloven feet. [potion of
                  | mutation]
 70939 | Depths:1 | Lost mutation: You are surrounded by a mild repulsion
                  | field. (EV +2) [potion of mutation]
 70939 | Depths:1 | Lost mutation: You tend to lose your temper in combat.
                  | [potion of mutation]
 70939 | Depths:1 | Lost mutation: You passively map a small area around you.
                  | [potion of mutation]
 70939 | Depths:1 | Gained mutation: You are occasionally teleported next to
                  | monsters. [potion of mutation]
 70939 | Depths:1 | Gained mutation: You have a pair of small antennae on your
                  | head. [potion of mutation]
 70940 | Depths:1 | Lost mutation: You frequently scream uncontrollably at your
                  | foes. [potion of mutation]
 70940 | Depths:1 | Lost mutation: You are occasionally teleported next to
                  | monsters. [potion of mutation]
 70940 | Depths:1 | Lost mutation: You have large cloven feet. [potion of
                  | mutation]
 70940 | Depths:1 | Gained mutation: You have a beak for a mouth. [potion of
                  | mutation]
 70940 | Depths:1 | Lost mutation: You are frail. (-10% HP) [potion of
                  | mutation]
 70940 | Depths:1 | Gained mutation: You have a somewhat thin skeletal
                  | structure. (Dex +2, Stealth) [potion of mutation]
 71262 | Elf:2    | Lost mutation: You have a somewhat thin skeletal structure.
                  | (Dex +2, Stealth) [potion of mutation]
 71262 | Elf:2    | Lost mutation: You sometimes yell uncontrollably at your
                  | foes. [potion of mutation]
 71262 | Elf:2    | Gained mutation: You are frail. (-10% HP) [potion of
                  | mutation]
 71262 | Elf:2    | Gained mutation: You can translocate small distances at
                  | will. [potion of mutation]
 71262 | Elf:2    | Gained mutation: You have a somewhat thin skeletal
                  | structure. (Dex +2, Stealth) [potion of mutation]
 71618 | Snake:1  | Bought a potion of mutation for 144 gold pieces
 71618 | Snake:1  | Lost mutation: You are frail. (-10% HP) [potion of
                  | mutation]
 71618 | Snake:1  | Lost mutation: You occasionally shout uncontrollably at
                  | your foes. [potion of mutation]
 71618 | Snake:1  | Lost mutation: You have a beak for a mouth. [potion of
                  | mutation]
 71618 | Snake:1  | Gained mutation: Your magical capacity is low. (-10% MP)
                  | [potion of mutation]
 71618 | Snake:1  | Lost mutation: Your magical capacity is low. (-10% MP)
                  | [potion of mutation]
 71618 | Snake:1  | Gained mutation: Your spells are a little harder to cast,
                  | but a little more powerful. [potion of mutation]
 71618 | Snake:1  | Gained mutation: You passively map a small area around you.
                  | [potion of mutation]
 72158 | Vaults:4 | Received a gift from Okawaru
 72181 | Vaults:4 | Paralysed by a floating eye for 2 turns
 73048 | Vaults:5 | Identified the Tome of Sinister Talismans
 73441 | Vaults:5 | Reached XP level 26. HP: 171/179 MP: 26/35
 73614 | Vaults:5 | Got a silver rune of Zot
 73616 | Vaults:5 | Identified The Arcane Secrets of Rites and Rhymes
 74611 | Depths:2 | Identified the +8 halberd of Tyetir {elec, +Rage rF+ Int+5
                  | Dex-4}
 74632 | Depths:1 | Reached skill level 10 in Crossbows
 74639 | Depths:1 | Received a gift from Okawaru
 75282 | Depths:1 | Received a gift from Okawaru
 75907 | Depths:2 | Identified the +7 troll leather armour of Nueseis {rElec
                  | rC+ Regen+}
 75982 | Depths:2 | Identified the Grimoire of the Illusory Dreams
 77138 | Depths:3 | Received a gift from Okawaru
 77147 | Depths:3 | Noticed Nikola
 77183 | Depths:3 | Killed Nikola
 77183 | Depths:3 | Received a gift from Okawaru
 77351 | Depths:3 | Found a one-way gate to the infinite horrors of the Abyss.
 77582 | Depths:3 | Received a gift from Okawaru
 77612 | Depths:3 | Noticed Frederick
 77619 | Depths:3 | Killed Frederick
 77621 | Depths:3 | Found a radiant altar of Vehumet.
 77733 | Depths:3 | Got a warped hand axe
 77740 | Depths:3 | Identified the +7 hand axe of the Endless March {chop,
                  | rElec MP-9 Stlth+} (You found it on level 3 of the Depths)
 77867 | Depths:3 | Found Teqomn's Jewellery Emporium.
 77867 | Depths:3 | Found Ypluh's Gadget Shop.
 77868 | Depths:3 | Found Morerr's Gadget Shop.
 77875 | Depths:3 | Bought an uncursed ring of flight for 350 gold pieces
 77980 | Depths:3 | Reached XP level 27. HP: 160/184 MP: 26/35
 78614 | Depths:4 | Received a gift from Okawaru
 78636 | Depths:4 | Got an iridescent morningstar {god gift}
 78637 | Depths:4 | Identified the +11 morningstar "Beastslayer" {venom, Int+4
                  | Stlth+} (Okawaru gifted it to you on level 4 of the Depths)
 78867 | Depths:4 | Identified the Volume of Mutagenic Conjuration
 78891 | Depths:4 | Identified the Tome of Blows and Bruises and Hexes
 78930 | Depths:4 | Found a deep blue altar of Sif Muna.
 79000 | Depths:4 | Identified Utasuoto's Reference Book on Destructive Air
 79002 | Depths:4 | Identified Funkir's Catalogue of Captivating Poisoning
 79013 | Depths:4 | Identified Direts's Almanac of Aid and Summoning
 79389 | Depths:4 | Noticed Jory
 79416 | Depths:4 | Killed Jory
 79476 | Depths:4 | Found Ovinuq's Weapon Boutique.
 79925 | Depths:4 | Received a gift from Okawaru
 79996 | Depths:5 | Entered Level 5 of the Depths
 80273 | Depths:5 | Received a gift from Okawaru
 80922 | Depths:5 | Received a gift from Okawaru
 81356 | Depths:5 | Reached skill level 15 in Crossbows
 81480 | Depths:5 | Got a scorched hat
 81486 | Depths:5 | Identified the +1 hat "Ramoedgh" {Str+3} (You found it on
                  | level 5 of the Depths)
 81921 | Depths:5 | Found a gate to the Realm of Zot.
 81934 | Depths:5 | Found the +8 Wrath of Trog {antimagic, *Rage}
 82166 | Depths:5 | Noticed an ancient lich
 82167 | Depths:5 | Found a gateway to a ziggurat.
 82194 | Depths:5 | Gained mutation: You are frail. (-10% HP) [a cacodemon]
 82210 | Depths:5 | Lost mutation: Your spells are a little harder to cast, but
                  | a little more powerful. [a cacodemon]
 82227 | Depths:5 | Paralysed by a floating eye for 3 turns
 82378 | Zot:1    | Entered Level 1 of the Realm of Zot
 82586 | Zot:1    | Received a gift from Okawaru
 83892 | Zot:1    | Received a gift from Okawaru
 84243 | Zot:2    | Upgraded the game from 0.23-a0-635-g88ca12a to
                  | 0.23-a0-644-gb60d84b
 86969 | Zot:3    | Received a gift from Okawaru
 87042 | Zot:3    | Reached skill level 10 in Dodging
 87797 | Zot:4    | Cast into level 5 of the Abyss (a Zot trap)
 87797 | Abyss:5  | Entered Level 5 of the Abyss
 87808 | Abyss:5  | Found a corrupted altar of Lugonu.
 87854 | Abyss:5  | Found a corrupted altar of Lugonu.
 88019 | Abyss:5  | Received a gift from Okawaru
 88061 | Zot:4    | Escaped the Abyss
 88788 | Zot:5    | Entered Level 5 of the Realm of Zot
 88819 | Zot:5    | Found a runed door.
 88821 | Zot:5    | Noticed George's ghost (legendary MiFi)
 88859 | Zot:5    | Killed George's ghost
 89423 | Zot:5    | Received a gift from Okawaru
 89860 | Zot:5    | Received a gift from Okawaru
 89981 | Zot:5    | Noticed an orb of fire
 90008 | Zot:5    | Killed an orb of fire
 90008 | Zot:5    | Received a gift from Okawaru
 90179 | Zot:5    | Noticed an orb of fire
 90179 | Zot:5    | Gained mutation: Your spells are a little easier to cast,
                  | but a little less powerful. [an orb of fire]
 90181 | Zot:5    | Gained mutation: Your flesh is heat resistant. (rF+) [an
                  | orb of fire]
 90182 | Zot:5    | Noticed an orb of fire
 90184 | Zot:5    | Noticed an ancient lich
 90187 | Zot:5    | Gained mutation: You tend to lose your temper in combat.
                  | [an orb of fire]
 90194 | Zot:5    | Killed an orb of fire
 90194 | Zot:5    | Received a gift from Okawaru
 90195 | Zot:5    | Killed an orb of fire
 90197 | Zot:5    | Killed an ancient lich
 90205 | Zot:5    | HP: 6/175 [electric golem (5)]
 90213 | Zot:5    | Killed from afar by an electric golem

Vault maps used:
D:1:      minmay_arrival_doors, dk_noncrumbling_2
D:2:      xom_teletrap_fun, overflow_temple_1_default, first_ration,
          serial_forest, infiniplex_forest_lined_2, infiniplex_forest_corner_1,
          infiniplex_forest_straight_3, infiniplex_forest_clump_C,
          infiniplex_forest_straight_2, infiniplex_forest_zigzag_1,
          minmay_tetromino_s4
D:3:      lemuel_crystal_altar, minivault_23, uniq_jessica, uniq_sigmund,
          uniq_crazy_yiuf_cottage
D:4:      portal_sewer_entry_e, roderic_roman_lattice
D:5:      chequers_temple_overflow_statue_of_worship, uniq_ijyb
D:6:      lemuel_coloured_pillars_altar
D:7:      grunt_temple_overflow_forces_of_nature,
          minmay_temple_entry_mini_moons, grunt_livestock, uniq_harold,
          uniq_menkaure
D:8:      kennysheep_mini, gammafunk_ghost_hive, serial_shops,
          nicolae_shop_stone, tso_altar
D:9:      kennysheep_blocky_hall, palyth_temple_overflow_mages,
          david_lair_shrubbed, gammafunk_ghost_hydra_chop, grunt_ministairs_6,
          hive_lemuel, uniq_joseph
D:10:     hiddenorc1_lemuel
D:11:     serial_shops, nicolae_shop_crystal
D:12:     minmay_heptahexagon, ebering_ghost_reflecting_pool
D:13:     serial_shops, shop, serial_bayou_lake_a
D:14:     david_vaults_3, special_room, uniq_frances
D:15:     hangedman_depths_entry_civil_slaughter, basic_altar,
          minmay_statue_crystal_thing, uniq_nessos
Temple:   jpeg_temple_island
Lair:1:   serial_rivers, chequers_serial_rivers_large_a,
          chequers_serial_rivers_small_a, chequers_serial_rivers_small_b,
          chequers_serial_rivers_marsh, chequers_serial_rivers_micro_b,
          chequers_serial_rivers_marsh, serial_bayou_pond_d
Lair:2:   minmay_swamp_entry_swarm, maelrawn_ghost_gauntlet_escape,
          beast_lair_carwin_3
Lair:3:   basic_altar, portal_ice_cave_demonic_guard, enter_volcano_4,
          small_statue_intersection, serial_bayou_pond_a,
          nicolae_quartered_pool_medium, grunt_megastairs_1
Lair:4:   minmay_snake_entry_six_corridors, beast_lair_carwin_7
Lair:5:   slime_dummy, serial_bayou_shore_a, serial_bayou_shore_b, uniq_rupert
Lair:6:   due_jungle_book
Swamp:1:  cheibrodos_swamp_tower_of_moss, evilmike_swamp_ruin_house_1
Swamp:2:  evilmike_swamp_ruin_rubble_1
Swamp:3:  infiniplex_staircase_pool_2
Swamp:4:  swamp, swamp_pool2, uniq_roxanne
Snake:1:  serial_shops, shop, basic_altar, grunt_megastairs_3, minmay_shoptagon
Snake:2:  grunt_megastairs_4, minmay_shop_star, lemuel_fruit_tree, uniq_vashnia,
          uniq_louise
Snake:3:  basic_altar
Snake:4:  grunt_snake_rune_spirals, serial_shops, shop
Slime:2:  basic_altar
Orc:1:    basic_altar, uniq_fannar, uniq_erolcha
Orc:2:    grunt_orc_gardens, grunt_orc_garden, grunt_orc_garden,
          grunt_orc_garden, grunt_orc_garden, basic_altar,
          nicolae_orc_flooded_monolith
Elf:1:    eino_elf_arrival_customs, serial_shops, shop_statue,
          serial_co_window_serial, co_window_corner_a, co_window_paths_b,
          co_window_paths_a, co_window_paths_a, co_window_corner_a,
          co_window_paths_a, co_window_of_opportunity_a,
          co_window_unsneaky_path_c, co_window_broadway_c, co_window_broadway_c,
          co_window_of_opportunity_b, co_window_2corner, co_window_paths_d,
          glass_columns_a, glass_columns_b, basic_altar, minmay_elf_necromancy,
          corexii_checkpoint_a
Elf:2:    stair_cage_wide, corexii_leaking_fountain
Elf:3:    grunt_elf_hall_asides, ebering_ghost_reflecting_pool
Vaults:1: nicolae_vaults_big_ls, ontoclasm_vaults_misaligned, v_misc_30,
          nicolae_vaults_mini_display_case, hangedman_vaults_cutoff, v_misc_33,
          vaults_room_pool, nicolae_vaults_little_squares_2, v_rooms_6,
          v_misc_13, nicolae_vaults_asterisk, vaults_dpeg_diagonal,
          vaults_room_stairs_pillars, portal_desolation_entry_salt,
          serial_shops, shop
Vaults:2: dpeg_vaults_monster_box, minmay_crypt_entry_simple_box, v_misc_16,
          nicolae_vaults_specimen_jars, nicolae_vaults_angled_halls,
          vaults_room_grid, st_eye, vaults_mumra_chevron,
          ontoclasm_vaults_decontamination, nicolae_vaults_yaktaur_gun_rack,
          vaults_dpeg_hooks, vaults_room_pools
Vaults:3: vaults_mumra_minichess_inversion, nicolae_vaults_ninety_degrees,
          nicolae_vaults_shelves_hall, nicolae_vaults_fighting_squares,
          hangedman_vaults_stretched_pinwheel, v_misc_10,
          nicolae_vaults_stairing_the_circle, nicolae_vaults_shelves_hall,
          vaults_dpeg_cross, v_alt_pattern_6, ontoclasm_vaults_ring_square,
          hangedman_vaults_stretched_pinwheel,
          nicolae_vaults_diagonal_hallway_7, enter_trove_0
Vaults:4: gammafunk_vaults_ghost_crypt, hangedman_vaults_slice,
          nicolae_vaults_know_your_exits, hangedman_vaults_hat,
          vaults_room_large_hall, v_misc_27, hangedman_vaults_corner_blocks,
          vaults_mumra_chevron_long, v_pattern_1, serial_ice_m
Depths:1: grunt_hell_entry_dis_grunt, moated_statue,
          minmay_guarded_unrand_robustness
Depths:2: minmay_the_grid_square_5x5_4x4_mashed, minmay_misc_feat_tiny,
          hell_entry, infiniplex_enter_wizlab_glasses, grunt_pan_entry_spiral
Depths:3: evilmike_halls_of_destruction, serial_bayou_pond_a, abyss_entry,
          rand_demon_pan_entry_5, pf_hell_entry_tar_spiral,
          infiniplex_staircase_zigzag_2, minmay_shop_grove, firewood_loft,
          uniq_nikola
Depths:4: evilmike_library_of_no_secrets, grunt_hell_entry_demonic_statue,
          serial_shops, nicolae_shop_window_shopping,
          chequers_serial_rivers_micro_a, abyss_entry, minmay_staircase_statues,
          uniq_jory
Depths:5: evilmike_zot_entry_diamond, enter_ziggurat_c, kennysheep_doodads,
          hell_entry, serial_sigils_hangedman_quiver,
          minmay_guarded_unrand_wrath_of_trog, serial_bayou_shore_b
Zot:1:    lemuel_draconian_sentries
Zot:3:    skrybe_zot_glass_2
Zot:5:    ebering_ghost_inner_flame
Abyss:5:  hangedman_abyss_rune_macabre_mess, serial_sigils_hangedman_gut,
          evilmike_abyss_exit_smiterflies
Sewer:    sewer_co_tree
IceCv:    ice_cave_caverns_02
Volcano:  volcano_lake
WizLab:   wizlab_zonguldrok

Skill      XL: |  1  2  3  4  5  6  7  8  9 10 11 12 13 14 15 16 17 18 19 20 21 22 23 24 25 26 27 |
---------------+----------------------------------------------------------------------------------+-----
Maces & Flails | 3 4 5 6 7 9 11 12 14 16 17 19 20 | 20.0
Fighting       | 3 4 5 7 9 10 11 13 14 15 17 18 19 20 21 22 25 | 25.8
Shields        | 3 4 5 10 13 15 | 15.6
Armour         | 2 5 9 10 11 12 14 15 17 20 23 25 | 25.7
Evocations     | 1 5 9 10 | 10.0
Invocations    | 7 |  7.0
Dodging        | 3 4 5 10 | 10.0
Translocations | 4 |  4.0
Spellcasting   | 6 8 |  8.0
Charms         | 3 4 |  4.1
Air Magic      | 2 5 6 |  6.4
Summonings     | 4 |  4.0
Hexes          | 4 |  4.0
Crossbows      | 9 13 18 | 18.0
Throwing       | |  0.8

Action                   |  1- 3 |  4- 6 |  7- 9 | 10-12 | 13-15 | 16-18 | 19-21 | 22-24 | 25-27 || total
-------------------------+-------+-------+-------+-------+-------+-------+-------+-------+-------++-------
Melee: Mace              |   114 |    40 |       |       |       |       |       |       |       ||   154
       Flail             |       |    60 |    14 |   920 |    20 |       |       |       |       ||  1014
       Whip              |       |    86 |   638 |   412 |       |       |       |       |       ||  1136
       Morningstar       |       |       |       |       |  1559 |   218 |       |       |       ||  1777
       Eveningstar       |       |       |       |       |       |  1984 |  1902 |  1897 |  1662 ||  7445
       Great mace        |       |       |       |       |       |       |       |       |  1818 ||  1818
 Fire: Arbalest          |       |       |       |       |       |       |       |       |   115 ||   115
Throw: Tomahawk          |       |     9 |     4 |    20 |    10 |       |       |       |       ||    43
       Stone             |       |     2 |       |       |       |       |       |       |       ||     2
       Javelin           |       |       |       |       |       |    11 |     4 |       |       ||    15
       Throwing net      |       |       |       |       |       |       |     3 |     1 |       ||     4
Invok: Heroism           |       |       |     1 |    13 |    11 |    27 |    33 |    31 |    45 ||   161
       Finesse           |       |       |       |       |     2 |     2 |     4 |     7 |    14 ||    29
 Abil: Stop Flying       |       |       |       |       |     1 |       |       |     1 |     1 ||     3
       Fly               |       |       |       |       |     1 |       |       |       |     1 ||     2
       Evoke Berserk Rag |       |       |       |       |       |     2 |     3 |     1 |       ||     6
       Evoke Invisibilit |       |       |       |       |       |       |       |     1 |       ||     1
       Blink             |       |       |       |       |       |       |       |       |     1 ||     1
Evoke: Wand              |       |       |     6 |       |     6 |     2 |       |     3 |     5 ||    22
       Lightning rod     |       |       |       |       |       |     1 |       |       |       ||     1
       Sack of spiders   |       |       |       |       |       |     1 |     2 |       |       ||     3
  Use: Scroll            |     8 |       |     4 |    15 |    10 |    16 |    11 |    27 |    28 ||   119
       Potion            |       |       |       |     1 |     3 |     3 |     1 |    15 |    12 ||    35
 Stab: Paralysed         |       |       |    11 |       |       |       |       |       |       ||    11
       Distracted        |       |       |       |       |     1 |       |       |       |       ||     1
       Held in net/web   |       |       |       |       |       |       |     1 |     1 |       ||     2
       Invisible         |       |       |       |       |       |       |       |     2 |       ||     2
       Confused          |       |       |       |       |       |       |       |       |     2 ||     2
  Eat: Chunk             |     2 |     5 |     8 |    22 |    27 |    16 |    26 |    22 |    36 ||   164
       Ration            |       |       |     2 |     7 |     3 |    13 |     3 |     8 |    12 ||    48
Armor: Leather armour    |    14 |       |       |       |       |       |       |       |       ||    14
       Scale mail        |    60 |   118 |   312 |     6 |       |       |       |       |       ||   496
       Chain mail        |       |       |       |   660 |   980 |  1504 |       |       |       ||  3144
       Plate armour      |       |       |       |       |   133 |       |       |       |       ||   133
       Gold dragon scale |       |       |       |       |       |   292 |  1238 |  1295 |  3438 ||  6263
Dodge: Dodged            |    66 |   110 |   216 |   283 |   578 |   878 |   309 |   375 |  1269 ||  4084
Block: Buckler           |       |       |    27 |   313 |   445 |   741 |   248 |       |       ||  1774
       Shield            |       |       |       |       |       |       |   712 |  1256 |   214 ||  2182
       Reflection        |       |       |       |       |       |       |    32 |    78 |     4 ||   114
       Large shield      |       |       |       |       |       |       |       |       |  1553 ||  1553

Table legend:
 A = Non-vault XP
 B = Vault XP
 C = Vault XP percentage of total XP
 D = Non-vault monster count
 E = Vault monster count
 F = Vault count percentage of total count
                 A         B        C        D         E       F
            +---------+---------+-------+---------+---------+-------
      Total |  934315 |  763753 |  45.0 |    1730 |     914 |  34.6
            +---------+---------+-------+---------+---------+-------
        D:1 |      24 |       0 |   0.0 |      16 |       0 |   0.0
        D:2 |     124 |       2 |   1.6 |      26 |       1 |   3.7
        D:3 |     211 |     303 |  58.9 |      30 |       3 |   9.1
        D:4 |     633 |      39 |   5.8 |      25 |       8 |  24.2
        D:5 |     501 |      36 |   6.7 |      19 |       1 |   5.0
        D:6 |    1212 |       0 |   0.0 |      28 |       0 |   0.0
        D:7 |    2411 |    2122 |  46.8 |      31 |       7 |  18.4
        D:8 |     548 |    1525 |  73.6 |      20 |       8 |  28.6
        D:9 |    1596 |    3565 |  69.1 |      31 |      23 |  42.6
       D:10 |    2546 |     157 |   5.8 |      23 |      10 |  30.3
       D:11 |    3393 |    2551 |  42.9 |      30 |       8 |  21.1
       D:12 |    5893 |   12437 |  67.9 |      29 |      35 |  54.7
       D:13 |   12243 |    4321 |  26.1 |      60 |       7 |  10.4
       D:14 |   20391 |   14211 |  41.1 |      64 |      38 |  37.3
       D:15 |   20467 |    3240 |  13.7 |      40 |       3 |   7.0
     Temple |     127 |       0 |   0.0 |       2 |       0 |   0.0
     Lair:1 |    4436 |       0 |   0.0 |      16 |       0 |   0.0
     Lair:2 |    4214 |    1274 |  23.2 |      25 |       9 |  26.5
     Lair:3 |    4323 |    1547 |  26.4 |      13 |       4 |  23.5
     Lair:4 |    9443 |    3390 |  26.4 |      32 |      19 |  37.3
     Lair:5 |    4363 |    2811 |  39.2 |      18 |       1 |   5.3
     Lair:6 |   10217 |     911 |   8.2 |      35 |       1 |   2.8
    Swamp:1 |   12496 |    2039 |  14.0 |      34 |       1 |   2.9
    Swamp:2 |   15107 |       0 |   0.0 |      34 |       0 |   0.0
    Swamp:3 |   15814 |    6202 |  28.2 |      37 |       6 |  14.0
    Swamp:4 |   12298 |   14984 |  54.9 |      37 |      22 |  37.3
    Snake:1 |    5178 |    4845 |  48.3 |       9 |       8 |  47.1
    Snake:2 |   12041 |   11937 |  49.8 |      18 |       9 |  33.3
    Snake:3 |   19869 |       0 |   0.0 |      38 |       0 |   0.0
    Snake:4 |    8176 |   60671 |  88.1 |      14 |      84 |  85.7
    Slime:1 |   12868 |       0 |   0.0 |      20 |       0 |   0.0
    Slime:2 |   18231 |       0 |   0.0 |      33 |       0 |   0.0
    Slime:3 |    8932 |       0 |   0.0 |      15 |       0 |   0.0
    Slime:4 |    8763 |     755 |   7.9 |       8 |       1 |  11.1
    Slime:5 |    5210 |   38579 |  88.1 |      10 |      15 |  60.0
      Orc:1 |    4554 |    9828 |  68.3 |      33 |      18 |  35.3
      Orc:2 |     715 |    2916 |  80.3 |      10 |      11 |  52.4
      Elf:1 |   11769 |    9335 |  44.2 |      23 |      18 |  43.9
      Elf:2 |   11555 |   24849 |  68.3 |      19 |      32 |  62.7
      Elf:3 |   18944 |   48860 |  72.1 |      32 |      33 |  50.8
   Vaults:1 |   24438 |   13038 |  34.8 |      47 |      27 |  36.5
   Vaults:2 |   35897 |   25074 |  41.1 |      55 |      28 |  33.7
   Vaults:3 |   33866 |   23007 |  40.5 |      55 |      36 |  39.6
   Vaults:4 |   63618 |   49666 |  43.8 |      77 |      40 |  34.2
   Vaults:5 |   32487 |  116571 |  78.2 |      47 |      81 |  63.3
   Depths:1 |   60275 |   39422 |  39.5 |      77 |      32 |  29.4
   Depths:2 |   12952 |   21077 |  61.9 |      21 |      28 |  57.1
   Depths:3 |   38695 |   29840 |  43.5 |      43 |      28 |  39.4
   Depths:4 |   38608 |   42422 |  52.4 |      44 |      52 |  54.2
   Depths:5 |   36550 |   16013 |  30.5 |      38 |      10 |  20.8
      Zot:1 |   36121 |    3204 |   8.1 |      22 |       2 |   8.3
      Zot:2 |   32471 |       0 |   0.0 |      22 |       0 |   0.0
      Zot:3 |   70273 |       0 |   0.0 |      43 |       0 |   0.0
      Zot:4 |   36038 |       0 |   0.0 |      21 |       0 |   0.0
      Zot:5 |   29728 |   70506 |  70.3 |      19 |      17 |  47.2
    Abyss:5 |   24649 |       0 |   0.0 |      30 |       0 |   0.0
      Sewer |       0 |     428 | 100.0 |       0 |      28 | 100.0
      IceCv |       0 |   11096 | 100.0 |       0 |      43 | 100.0
    Volcano |       0 |    6735 | 100.0 |       0 |      13 | 100.0
     WizLab |   15813 |    5412 |  25.5 |      32 |       5 |  13.5
            +---------+---------+-------+---------+---------+-------
